 Dungeon Crawl Stone Soup version 0.17-a0-1184-gb75be8f (webtiles) character file.

3611 Baka the Protected (level 10, -3/60 HPs)
             Began as a Gargoyle Fighter on June 1, 2015.
             Slain by a killer bee (6 damage)
             ... on level 7 of the Dungeon.
             The game lasted 00:12:27 (5798 turns).

Baka the Protected (Gargoyle Fighter)               Turns: 5798, Time: 00:12:27

Health: -3/60      AC: 23    Str: 24 (25) XL:     10   Next: 11%
Magic:  10/10      EV:  9    Int:  9      God:
Gold:   345        SH: 12    Dex: 12      Spells: 0 memorised, 9 levels left

rFire  + . .     SeeInvis .     C - +2 flail (protect)
rCold  . . .     Clarity  +     w - +0 chain mail
rNeg   + + .     SustAt   .     c - +1 shield
rPois  ∞         Gourm    .     t - +0 helmet
rElec  +         Spirit   .     p - +0 cloak
rCorr  .         Warding  +     k - +0 pair of gloves
rMut   .         Stasis   .     (no boots)
MR     .....                    j - amulet of warding
Stlth  ..........               (no ring)
                                i - ring of protection from fire

@: mighty, slowed, very slow, not resistant to hostile enchantments, extremely
unstealthy
A: berserk 1, clarity, deformed body, negative energy resistance 1, electricity
resistance, unbreathing, petrification resistance, rot immunity, AC +7
a: no special abilities


You were on level 7 of the Dungeon.
You were not hungry.

You visited 2 branches of the dungeon, and saw 8 of its levels.
You also visited: Ossuary.

You collected 345 gold pieces.

Inventory:

Hand weapons
 C - a +2 flail of protection (weapon)
Armour
 c - a +1 shield (worn)
 k - a +0 pair of gloves (worn)
 p - a +0 cloak (worn)
 t - a +0 helmet (worn)
 w - a +0 chain mail (worn)
Jewellery
 i - a ring of protection from fire (left hand)
 j - an amulet of warding (around neck)
 F - an uncursed ring of fire
Magical devices
 q - a wand of slowing (15)
Scrolls
 a - 2 scrolls of enchant weapon
 b - a scroll of random uselessness {unknown}
 f - 6 scrolls of remove curse
 g - 4 scrolls of identify
 l - 2 scrolls of magic mapping
 m - 2 scrolls of teleportation {unknown}
 n - a scroll of enchant armour
 r - 2 scrolls of amnesia
 y - 4 scrolls of fog {unknown}
 B - 2 scrolls of immolation
Potions
 d - 2 potions of might
 h - 2 potions of haste
 o - a potion of agility
 s - a potion of flight
 u - 3 potions of degeneration
 x - a potion of poison
 z - a potion of resistance
Books
 E - a Necronomicon {highlevel, unknown}

   This book is beyond your current level of understanding.

   Spells                             Type                      Level
   a - Haunt                          Necromancy/Summoning         7
   b - Borgnjor's Revivification      Necromancy                   8
   c - Death's Door                   Charms/Necromancy            8
   d - Necromutation                  Transmutation/Necromancy     8
Comestibles
 e - 5 bread rations


   Skills:
 + Level 5.8 Fighting
 + Level 5.0 Maces & Flails
 + Level 4.3 Throwing
 * Level 8.3 Armour
 * Level 5.3 Dodging
 * Level 8.2 Shields


You had 9 spell levels left.
You didn't know any spells.

Dungeon Overview and Level Annotations

Branches:
Dungeon (7/15)             Temple (1/1) D:4

Altars:
Ashenzari
Cheibriados
Dithmenos
Elyvilon
Gozag
Makhleb
Nemelex Xobeh
Qazlal
Ru
Sif Muna
Trog
Vehumet
Xom
Yredelemnul
Zin


Innate Abilities, Weirdness & Mutations

You are resistant to torment.
Your stone body is resilient (AC +7).
You are immune to poison.
You resist negative energy.
You are resistant to electric shocks.
You can survive without breathing.
You are immune to petrification.
You are immune to rotting.
You tend to lose your temper in combat.
You possess an exceptional clarity of mind.
Armour fits poorly on your strangely shaped body.


Message History

The killer bee stings you.
* * * LOW HITPOINT WARNING * * *
You block the killer bee's attack.
The killer bee stings you but does no damage.
Items here: ( ) / †† an uncursed shortbow; 14 arrows; a wand of slowing {zapped: 10} a centaur corpse; a killer bee corpse Drink which item? (? for menu, Esc to quit)
Okay, then.
You miss the killer bee.
The killer bee is heavily wounded.
The killer bee stings you but does no damage.
The killer bee stings you.
* * * LOW HITPOINT WARNING * * *
You block the killer bee's attack.
The killer bee stings you but does no damage.
You miss the killer bee.
The killer bee is heavily wounded.
The killer bee stings you.
You die...

#........#
###........# #.#
##..........# .. .
##..†......(.# #.# ..
##.)†.........# .. ...
###..())........##.#..
.#...)).........#...
...†..(........##.#
...............#@y#
[..............#(##
..............#..#
...............(##
###########..##.#
#######


You could see a killer bee.

Vanquished Creatures
  A hill giant (D:6)
  A cyclops (D:6)
  A troll (D:4)
  A deep elf mage (D:4)
  3 phantoms
  A black bear (D:7)
  2 orc warriors (D:7)
  A sky beast (D:6)
  2 ice beasts (D:6)
  A centaur (D:7)
  2 giant frogs (D:6)
  An elf zombie (D:5)
  3 elf skeletons (D:5)
  2 killer bees (D:7)
  A scorpion (D:6)
  3 wights (D:6)
  A crimson imp (D:6)
  2 centaur zombies (D:7)
  A quasit (D:6)
  4 hounds
  3 orc wizards
  6 orc priests
  A worker ant (D:4)
  12 mummies (Ossuary)
  Robin (D:3)
  7 adders
  A shadow imp (D:5)
  An adder skeleton (D:5)
  2 giant geckos (D:3)
  25 orcs
  A ball python (D:6)
  7 bats
  A bat skeleton (D:7)
  3 giant cockroaches
  16 goblins
  18 hobgoblins
  7 jackals
  2 quokkas
  6 giant newts
  A gnoll skeleton (Ossuary)
  2 goblin skeletons (Ossuary)
  A jackal skeleton (D:4)
  12 kobolds
  2 kobold skeletons (Ossuary)
  4 orc skeletons
  An orc zombie (D:5)
  9 rats
  11 rat skeletons (Ossuary)
197 creatures vanquished.

Notes
Turn   | Place    | Note
--------------------------------------------------------------
     0 | D:1      | Baka the Gargoyle Fighter began the quest for the Orb.
     0 | D:1      | Reached XP level 1. HP: 14/14 MP: 1/1
   360 | D:1      | Reached XP level 2. HP: 17/19 MP: 2/2
   895 | D:2      | Found a burning altar of Makhleb.
   905 | D:2      | Reached skill level 4 in Shields
   905 | D:2      | Reached XP level 3. HP: 9/23 MP: 3/3
  1024 | D:2      | Reached XP level 4. HP: 15/28 MP: 4/4
  1081 | D:2      | Found an opulent altar of Gozag.
  1150 | D:2      | Reached skill level 1 in Dodging
  1240 | D:2      | Found a snail-covered altar of Cheibriados.
  1376 | D:3      | Noticed Robin
  1418 | D:3      | Reached skill level 1 in Throwing
  1487 | D:3      | Killed Robin
  1611 | D:3      | Reached XP level 5. HP: 32/32 MP: 5/5
  2485 | D:4      | Reached XP level 6. HP: 32/38 MP: 6/6
  2541 | D:4      | Noticed a troll
  2547 | D:4      | Killed a troll
  2547 | D:4      | Reached skill level 5 in Shields
  2555 | D:4      | Noticed a deep elf mage
  2566 | D:4      | Killed a deep elf mage
  2566 | D:4      | Reached skill level 5 in Armour
  2566 | D:4      | Reached XP level 7. HP: 26/43 MP: 7/7
  2678 | D:4      | Found a staircase to the Ecumenical Temple.
  2684 | Temple   | Entered the Ecumenical Temple
  2939 | D:5      | Entered Level 5 of the Dungeon
  3068 | D:5      | Found a sand-covered staircase.
  3088 | Ossuary  | Entered an ossuary
  3411 | Ossuary  | Reached XP level 8. HP: 48/48 MP: 8/8
  3627 | Ossuary  | Reached skill level 6 in Shields
  4512 | D:6      | Reached XP level 9. HP: 53/53 MP: 9/9
  4716 | D:6      | Reached skill level 5 in Fighting
  4716 | D:6      | Reached skill level 7 in Armour
  4732 | D:6      | Noticed a cyclops
  4745 | D:6      | Killed a cyclops
  4907 | D:6      | Noticed a hill giant
  4915 | D:6      | Killed a hill giant
  5193 | D:7      | Reached skill level 5 in Dodging
  5237 | D:7      | Reached skill level 8 in Shields
  5681 | D:7      | Reached XP level 10. HP: 51/60 MP: 10/10
  5712 | D:7      | Gained mutation: You possess an exceptional clarity of mind. [potion of mutation]
  5712 | D:7      | Gained mutation: You tend to lose your temper in combat. [potion of mutation]
  5712 | D:7      | Gained mutation: Armour fits poorly on your strangely shaped body. [potion of mutation]
  5795 | D:7      | Reached skill level 5 in Maces & Flails
  5797 | D:7      | HP: 3/60 [killer bee (4)]
  5798 | D:7      | Slain by a killer bee

Vault maps used:
D:1:      lightli_arrival_lavapool, minmay_misc_feat_nine_boxes
D:2:      grunt_gozag_breadcrumbs, lemuel_crystal_altar,
          makhleb_blood_cavern_becter
D:3:      uniq_robin
D:4:      minmay_temple_entry_nine_rooms, serial_corexii_hall,
          corexii_hall_statues_s, corexii_hall_statues_i, minmay_small_thing
D:5:      nicolae_ossuary_entry_catacombs, first_bread
D:6:      serial_column_ruins, column_ruins_hut, column_ruins_hut,
          column_ruins_grid_1, column_ruins_corridor_corner,
          column_ruins_columns_straight, column_ruins_grid_3,
          column_ruins_open_small
D:7:      kennysheep_little_box
Temple:   circular_temple_12
Ossuary:  ossuary_due_small_catacomb

Action                   |  1- 3 |  4- 6 |  7- 9 | 10-12 || total
-------------------------+-------+-------+-------+-------++-------
Melee: Flail             |   104 |   164 |   274 |    75 ||   617
       Mace              |       |    41 |   238 |       ||   279
  Use: Scroll            |       |     9 |     1 |       ||    10
       Potion            |       |       |    12 |     9 ||    21
  Eat: Meat ration       |       |     1 |     1 |       ||     2
       Fruit             |       |       |     3 |       ||     3
       Beef jerky        |       |       |     1 |       ||     1
       Bread ration      |       |       |     1 |       ||     1
